 Dungeon Crawl Stone Soup version 0.23-a0-85-g22930c1 (webtiles) character file.

53 galech the Skirmisher (level 3, -2/29 HPs)
             Began as a Demonspawn Fighter on Aug 13, 2018.
             Killed from afar by an orc wizard (8 damage)
             ... with a puff of flame
             ... on level 3 of the Dungeon.
             The game lasted 00:01:43 (1163 turns).

galech the Skirmisher (Demonspawn Fighter)          Turns: 1163, Time: 00:01:43

Health: -2/29      AC: 11    Str: 16    XL:     3   Next: 64%
Magic:  3/3        EV:  4    Int:  9    God:
Gold:   64         SH:  9    Dex: 13    Spells: 2/2 levels left

rFire    . . .     SeeInvis .   a - +0 war axe
rCold    . . .     Gourm    .   c - +0 shield
rNeg     . . .     Faith    .   k - +0 chain mail
rPois    .         Spirit   .   (no helmet)
rElec    .         Reflect  .   (no cloak)
rCorr    .         Harm     .   (no gloves)
MR       +....                  (no boots)
Stlth    ..........             (no amulet)
HPRegen  0.09/turn              b - ring of protection from magic
MPRegen  0.08/turn              l - ring of flight

@: no status effects
A: hooves 1, yellow scales 1
a: Evoke Flight


You were on level 3 of the Dungeon.
You were very hungry.

You visited 1 branch of the dungeon, and saw 3 of its levels.

You collected 64 gold pieces.

Inventory:

Hand Weapons
 a - a +0 war axe (weapon)
Armour
 c - a +0 shield (worn)
 k - a +0 chain mail (worn)
Jewellery
 b - a ring of protection from magic (left hand)
 l - a ring of flight (right hand)
Scrolls
 o - a scroll of random uselessness {unknown}
 p - 2 scrolls of remove curse {unknown}
 q - a scroll of identify {unknown}
 t - a scroll of amnesia {unknown}
 u - 2 scrolls of teleportation {unknown}
 v - 2 scrolls of magic mapping {unknown}
Potions
 d - 3 potions of might
 e - 2 potions of brilliance {unknown}
 g - 2 potions of curing {unknown}
 h - a potion of resistance {unknown}
 i - a potion of heal wounds {unknown}
 j - a potion of flight {unknown}
 m - 2 potions of lignification {unknown}
 n - a potion of magic {unknown}
 r - a potion of degeneration {unknown}
 s - a potion of mutation {unknown}
Comestibles
 f - 3 rations


   Skills:
 + Level 3.4 Fighting
 + Level 2.6 Axes
 + Level 3.1 Armour
 + Level 3.0 Shields


You had 2 spell levels left.
You didn't know any spells.
Your spell library was empty.

Dungeon Overview and Level Annotations

Branches:
Dungeon (3/15)

Altars:


Innate Abilities, Weirdness & Mutations

You have large cloven feet.
You are partially covered in yellow scales. (AC +2)


Message History

The orc wizard is almost dead.
Your chain mail prevents you from hitting the orc.
You closely miss the orc priest. The orc wizard casts a spell at you.
The magic dart hits you! You block the orc priest's attack.
You block the orc's attack.
The orc wizard gestures at you while chanting.
The puff of frost misses you.
The orc priest hits you but does no damage.
The orc hits you but does no damage.
Your shield prevents you from hitting the orc wizard.
The orc wizard is almost dead.
You hit the orc priest but do no damage.
You closely miss the orc.
You feel sick.
You are no longer poisoned.
The orc wizard points at you and mumbles some strange words.
The puff of flame hits you!
The orc wizard gestures at you while chanting.
The puff of flame hits you!
You die...

#...........
#.........###
#............
#....)....# #.........#
#.........## .
#.......>..# ...
########.....$...o#.....
................@o......
.............#..o†.....#
.............#.#....[.!#
###).........).........#
#..........?../.......
#...............#.....
#...............###...
.# #.........#.....##
#..##.#.
#.........##.....#
.#....


You could see an orc priest, an orc wizard and an orc.

Vanquished Creatures
  An adder (D:2)
  An ooze (D:1)
  A worm (D:2)
  A leopard gecko (D:2)
  3 orcs
  2 bats
  A giant cockroach (D:2)
  6 goblins
  3 hobgoblins
  5 kobolds
  5 frilled lizards
  5 rats
34 creatures vanquished.

Notes
Turn   | Place    | Note
-------+----------+-------------------------------------------
     0 | D:1      | galech the Demonspawn Fighter began the quest for the Orb.
     0 | D:1      | Reached XP level 1. HP: 18/18 MP: 1/1
   117 | D:1      | Gained mutation: You are partially covered in yellow scales. (AC +2) [demonic ancestry]
   117 | D:1      | Reached XP level 2. HP: 20/24 MP: 2/2
   651 | D:2      | Gained mutation: You have large cloven feet. [demonic ancestry]
   651 | D:2      | Reached XP level 3. HP: 29/29 MP: 3/3
  1163 | D:3      | Killed from afar by an orc wizard

Vault maps used:
D:1:      nzn_arrival_crosshair, minmay_stone_trees_small, serial_bayou_ford_a

Skill      XL: |  1  2 |
---------------+-------+-----
Axes           | 2 |  2.6
Armour         | 3 |  3.1
Shields        | 3 |  3.0
Fighting       | |  3.4

Action                   || total
-------------------------++-------
Melee: War axe           ||   107
       Kick              ||    10
Armor: Scale mail        ||     7
       Chain mail        ||    62
Dodge: Dodged            ||    22
Block: Shield            ||    57

Table legend:
 A = Non-vault XP
 B = Vault XP
 C = Vault XP percentage of total XP
 D = Non-vault monster count
 E = Vault monster count
 F = Vault count percentage of total count
 G = Total turns spent on level
                 A         B        C        D         E       F
            +---------+---------+-------+---------+---------+-------
      Total |      77 |       0 |   0.0 |      34 |       0 |   0.0
            +---------+---------+-------+---------+---------+-------
        D:1 |      30 |       0 |   0.0 |      16 |       0 |   0.0
        D:2 |      33 |       0 |   0.0 |      10 |       0 |   0.0
        D:3 |      14 |       0 |   0.0 |       8 |       0 |   0.0
            +---------+---------+-------+---------+---------+-------
